 Dungeon Crawl Stone Soup version 0.28.0-49-g6dfe1f597d (webtiles) character file.

Game seed: 12409005488082421369

688 Spectrina the Chiller (level 7, -5/36 HPs)
             Began as a Deep Elf Monk on May 15, 2022.
             Was an Elder of Hepliaklqana.
             Slain by an ogre
             ... wielding a +0 giant club
              (30 damage)
             ... on level 3 of the Dungeon.
             The game lasted 00:25:30 (2169 turns).

Spectrina the Chiller (Deep Elf Monk)               Turns: 2169, Time: 00:25:30

Health: -5/36      AC:  3    Str:  8    XL:     7   Next: 36%
Magic:  9/15       EV: 14    Int: 17    God:    Hepliaklqana [****..]
Gold:   172        SH:  4    Dex: 23    Spells: 6/14 levels left

rFire   . . .      SeeInvis .   a - +0 spear
rCold   . . .      Faith    .   k - +0 buckler
rNeg    . . .      Spirit   .   b - +0 robe
rPois   .          Reflect  .   (no helmet)
rElec   .          Harm     .   t - +0 cloak
rCorr   .          Rampage  .   (no gloves)
Will    .....                   (no boots)
Stlth   +++.......              (no amulet)
HPRegen 0.12/turn               c - +6 ring of dexterity
MPRegen 0.14/turn               u - ring of flight

@: freezing walls, flying
A: reduced essence
a: Renounce Religion, Recall Ancestor, Ancestor Identity, Transference, Idealise


You were on level 3 of the Dungeon.
You worshipped Hepliaklqana.
Hepliaklqana was greatly pleased with you.
You visited 1 branch of the dungeon, and saw 5 of its levels.
You also visited: Sewer and Ossuary.

You collected 172 gold pieces.

Inventory:

Hand Weapons
 a - a +0 spear (weapon)
Missiles
 d - 72 stones
 e - 70 arrows
 m - 43 sling bullets
 x - 11 bolts
 z - a boomerang (quivered)
Armour
 b - a +0 robe (worn)
 k - a +0 buckler (worn)
 t - a +0 cloak (worn)
Jewellery
 c - a +6 ring of dexterity (left hand)
 g - a ring of magical power
 u - a ring of flight (right hand)
Wands
 y - a wand of charming (10)
Scrolls
 i - 3 scrolls of magic mapping
 j - a scroll of amnesia {unknown}
 l - 2 scrolls of noise {unknown}
 n - a scroll of fear {unknown}
 o - a scroll of enchant weapon {unknown}
 q - a scroll of vulnerability {unknown}
 v - a scroll of blinking
 w - a scroll of enchant armour
 B - a scroll of teleportation {unknown}
Potions
 f - a potion of lignification
 h - a potion of flight
 p - 2 potions of attraction
 r - a potion of haste
 s - 2 potions of invisibility
 A - a potion of ambrosia {unknown}


   Skills:
 - Level 2.4 Fighting
 - Level 2.6 Polearms
 - Level 3.6 Dodging
 - Level 2.4 Stealth
 + Level 4.1 Spellcasting
 + Level 3.4 Conjurations
 * Level 5.4 Ice Magic
 + Level 3.5 Invocations


You had 6 spell levels left.
You knew the following spells:

 Your Spells              Type           Power      Damage    Failure   Level
q - Freeze                Ice            88%        1d10      2%          1
r - Frozen Ramparts       Ice            44%        1d6       7%          3
y - Hailstorm             Conj/Ice       18%        3d6       34%         4

Your spell library contained the following spells:

 Spells                   Type           Power      Damage    Failure   Level


Dungeon Overview and Level Annotations

Branches:
Dungeon (5/15)              Sewer (visited)         Ossuary (visited)
 Temple: D:4-7

Altars:
Hepliaklqana


Message History

Gat barely misses the black bear.
Unknown command.
You hit the black bear.
The black bear is heavily wounded.
The wall freezes the black bear.
You block the black bear's attack. The black bear closely misses you.
The black bear barely misses you.
Gat barely misses the black bear.
The wall freezes the hobgoblin.
You kill the hobgoblin!
The wall freezes the black bear.
The black bear bites you. The black bear misses you.
The black bear closely misses you.
Casting: Frozen Ramparts (dangerous; 8% risk of failure)
Confirm with . or Enter, or press ? or * to list all spells.
Aiming: Freeze (safe; 2% risk of failure)
Press: ? - help, Shift-Dir - straight line, f/p - black bear
Aim: a black bear (severely wounded, ally target)
You freeze the black bear.
The black bear is almost dead.
Gat hits the black bear with a +0 flail!
The black bear dies!
The wall freezes the ogre.
Your Spellcasting skill increases to level 4!
Casting: Freeze (safe; 2% risk of failure)
Confirm with . or Enter, or press ? or * to list all spells.
Aiming: Freeze (safe; 2% risk of failure)
Press: ? - help, Shift-Dir - straight line, f - ogre
Aim: an ogre, wielding a +0 giant club (lightly wounded)
You freeze the ogre.
The ogre is moderately wounded.
The wall freezes the ogre.
The ogre misses you.
Casting: Freeze (safe; 2% risk of failure)
Confirm with . or Enter, or press ? or * to list all spells.
Aiming: Freeze (safe; 2% risk of failure)
Press: ? - help, Shift-Dir - straight line, f/p - ogre
Aim: an ogre, wielding a +0 giant club (heavily wounded, ally target)
You freeze the ogre.
The ogre is severely wounded.
Gat hits the ogre with a +0 flail!
The wall freezes the ogre.
The ogre hits you with a +0 giant club!!
Ouch! That really hurt!
You die...

.####.# ......# #.#
..##### . #.# ..# .. #.#
# ..# ... #.#.# .....
.... ..#. ##### .....
#..
#########....=.#.###.###
..............†O@.......
##.#.##...##.#.#R###.###
......#.# # #.#
##.#..#.# #.# #.#..#.#
#.# #....#.###.## #..
####.#........ ...
..........#.## ##.
####.####.#


You could see the friendly gat the knight and an ogre (ally target).

Vanquished Creatures
  2 orc priests (D:4)
  A centaur skeleton (D:4)
  An orc wizard (D:4)
  An adder (D:3)
  A dart slug (D:1)
  An orc (D:4)
  3 ball pythons
  3 bats
  An endoplasm (D:2)
  4 giant cockroaches
  2 hobgoblins
  5 frilled lizards
  2 goblins
  A goblin zombie (Ossuary)
  2 hobgoblin zombies (Ossuary)
  A jackal zombie (Ossuary)
  2 kobolds
  4 kobold zombies (Ossuary)
  An orc zombie (Ossuary)
  10 rats (D:1)
  2 rat zombies (Ossuary)
50 creatures vanquished.

Vanquished Creatures (collateral kills)
  2 black bears
  A bullfrog (Sewer)
  An elf zombie (Ossuary)
  2 centaur zombies (Ossuary)
  A hound skeleton (D:4)
  2 mummies (Ossuary)
  4 adders
  2 adder skeletons (D:4)
  An adder zombie (Ossuary)
  3 worms
  2 dart slugs
  4 orcs (D:4)
  2 endoplasms
  2 giant cockroaches (Sewer)
  A goblin (D:4)
  2 hobgoblins
  6 quokkas
  4 ball pythons
  4 frilled lizards
  A goblin zombie (Ossuary)
  8 hobgoblin zombies (Ossuary)
  2 jackal zombies (Ossuary)
  7 kobolds
  3 kobold zombies (Ossuary)
  7 orc zombies (Ossuary)
  A rat zombie (Ossuary)
75 creatures vanquished.

Vanquished Creatures (others)
  10 plants (D:4)
10 creatures vanquished.

Grand Total: 135 creatures vanquished

Notes
Turn   | Place    | Note
-------+----------+-------------------------------------------
     0 | D:1      | Spectrina the Deep Elf Monk began the quest for the Orb.
     0 | D:1      | Reached XP level 1. HP: 13/13 MP: 3/3
   159 | D:1      | Reached XP level 2. HP: 18/18 MP: 4/4
   163 | D:1      | Learned a level 1 spell: Freeze
   196 | D:1      | Found a faded altar of an unknown god.
   203 | D:1      | Prayed at the altar of an unknown god.
   203 | D:1      | Became a worshipper of Hepliaklqana the Forgotten
   203 | D:1      | Reached * piety under Hepliaklqana
   203 | D:1      | Reached ** piety under Hepliaklqana
   204 | D:1      | Remembered your ancestor gat as a knight
   261 | D:2      | Reached skill level 1 in Ice Magic
   283 | D:2      | Reached *** piety under Hepliaklqana
   333 | D:1      | Reached skill level 2 in Ice Magic
   333 | D:1      | Reached XP level 3. HP: 8/19 MP: 5/5
   846 | D:3      | Reached skill level 1 in Spellcasting
   896 | D:4      | Found a sand-covered staircase.
   905 | Ossuary  | Entered an ossuary
   979 | Ossuary  | Reached skill level 1 in Invocations
   991 | Ossuary  | Reached skill level 1 in Conjurations
  1008 | Ossuary  | Reached XP level 4. HP: 19/24 MP: 7/7
  1072 | Ossuary  | Reached skill level 3 in Ice Magic
  1082 | Ossuary  | Learned a level 3 spell: Frozen Ramparts
  1161 | Ossuary  | Reached XP level 5. HP: 27/27 MP: 10/10
  1264 | D:4      | Found a glowing drain.
  1269 | Sewer    | Entered a sewer
  1283 | Sewer    | Learned a level 4 spell: Hailstorm
  1364 | Sewer    | Reached skill level 4 in Ice Magic
  1367 | Sewer    | Reached XP level 6. HP: 25/32 MP: 12/12
  1580 | D:4      | Reached **** piety under Hepliaklqana
  2002 | D:4      | Reached skill level 5 in Ice Magic
  2002 | D:4      | Reached XP level 7. HP: 36/36 MP: 10/14
  2051 | D:5      | Entered Level 5 of the Dungeon
  2169 | D:3      | Slain by an ogre

Illustrated notes

Levels and vault maps discovered:
D:1:      zaba_arrival_water, layout_loops_cross,
          dilly_ecumenical_altar_fadedgnrine, minmay_rat_gold_closets
D:2:      kennysheep_six_static_rooms, layout_basic
D:3:      layout_basic, grunt_temple_overflow_cloverleaf,
          uniq_crazy_yiuf_cottage
D:4:      layout_layer_cave, portal_sewer_entry_e, nicolae_ossuary_entry_ruins,
          serial_bayou_lagoon_b
D:5:      layout_loops_ring, mainiacjoe_overflow_six_doors_small,
          hangedman_abyss_or_decor_stabs, minmay_misc_feat_columns

Skill      XL: |  1  2  3  4  5  6  7 |
---------------+----------------------+-----
Ice Magic      | 2 3 4 5 |  5.4
Spellcasting   | 1 2 3 4 |  4.1
Invocations    | 1 2 3 |  3.5
Conjurations   | 1 2 3 |  3.4
Fighting       | |  2.4
Polearms       | |  2.6
Dodging        | |  3.6
Stealth        | |  2.4

Action                   |  1- 3 |  4- 6 |  7- 9 || total
-------------------------+-------+-------+-------++-------
Melee: Spear             |   114 |   122 |     9 ||   245
       Punch             |     2 |     1 |       ||     3
Throw: Stone             |    29 |     5 |       ||    34
 Cast: Freeze            |     1 |     6 |     3 ||    10
       Frozen Ramparts   |       |     3 |     1 ||     4
Invok: Ancestor Life: Kn |     1 |       |       ||     1
       Ancestor Identity |     1 |       |       ||     1
       Transference      |       |     1 |       ||     1
  Use: Scroll            |     1 |     6 |     1 ||     8
 Stab: Sleeping          |    16 |    12 |       ||    28
       Distracted        |       |     1 |       ||     1
Armor: Robe              |     8 |    11 |     2 ||    21
Dodge: Dodged            |    38 |    48 |     8 ||    94
Block: Buckler           |       |     2 |     2 ||     4
